 Dungeon Sprint DCSS version 0.16-a0-4004-g8d6611c (webtiles) character file.

13400000 PolkaDot the Conqueror (level 27, -2/373 HPs)
             Began as a Demonspawn Gladiator on Feb 15, 2015.
             Was the Champion of Makhleb.
             Killed from afar by a dread (21 damage)
             ... with a blast of hellfire
             ... in the Dungeon (Sprint VIII: "Arena of Blood").
             The game lasted 00:05:51 (134 turns).

PolkaDot the Conqueror (Demonspawn Gladiator)        Turns: 134, Time: 00:05:52

Health: -2/373     AC: 16    Str: 22    XL:     27
Magic:  0/49       EV: 43    Int: 12    God:    Makhleb [******]
Gold:   0          SH:  0    Dex: 25    Spells: 0 memorised, 80 levels left

rFire  + . .     SeeInvis .     k - +∞ Axe of Woe
rCold  . . .     Clarity  .     b - +0 leather armour
rNeg   . . .     SustAb   .     (no shield)
rPois  .         Gourm    .     (helmet unavailable)
rElec  .         Spirit   +     (no cloak)
rCorr  .         Warding  .     (no gloves)
rMut   .         NoTele   +     (no boots)
MR     ++...                    (no amulet)
Stlth  ..........               (no ring)
                                (no ring)

@: mighty, agile, berserking, very quick, very resistant to hostile
enchantments, extremely unstealthy
A: horns 3, rough black scales 3, fire resistance 1, hurl hellfire, powered by
pain 3, magic shield, magic regeneration, magic link, flame cloud immunity
a: Hellfire, Minor Destruction, Lesser Servant of Makhleb, Major Destruction,
Greater Servant of Makhleb, Renounce Religion


You were in the Dungeon.
You worshipped Makhleb.
Makhleb was exalted by your worship.
You were not hungry.

You visited 1 branch

Inventory:

Hand weapons
 k - the +∞ Axe of Woe (weapon)
   (You found it in the Dungeon)
Missiles
 d - 3 throwing nets (quivered)
Armour
 b - a +0 leather armour (worn)
 c - a +0 helmet
Scrolls
 j - a scroll of blinking
Potions
 g - a potion of haste
 h - 2 potions of magic
Comestibles
 a - a bread ration


   Skills:
 O Level 27 Fighting
 O Level 27 Axes
 O Level 27 Throwing
 O Level 27 Armour
 O Level 27 Dodging
 O Level 27 Stealth
 O Level 27 Unarmed Combat
 O Level 27 Spellcasting
 O Level 27 Invocations


You had 80 spell levels left.
You didn't know any spells.

Dungeon Overview and Level Annotations

Branches:
Dungeon (1/1)

Altars:
Makhleb


Innate Abilities, Weirdness & Mutations

You have a pair of large horns on your head.
You are completely covered in rough black scales (AC +10, Dex -3).
Your flesh is heat resistant.
You can hurl blasts of hellfire.
You are powered by pain.
When hurt, damage is shared between your health and your magic reserves.
You regenerate magic rapidly.
When low on magic, you restore magic in place of health.
You are immune to clouds of flame.


Message History

* * * LOW MAGIC WARNING * * *;
* * * LOW HITPOINT WARNING * * *
You focus on the pain.
You feel your power returning.
A dread comes into view.
You hear a shout! x7
The dread calls on the powers of darkness!
The eight-headed meat hydra convulses!
The large bag of meat convulses!
Your body is wracked with pain!
* * * LOW HITPOINT WARNING * * *
The dread throws hellfire at you.
The hellfire explodes!
The burst of hellfire engulfs you!
* * * LOW MAGIC WARNING * * *;
* * * LOW HITPOINT WARNING * * *
You hear a shout! x4
Drink which item? (? for menu, Esc to quit)
A red film seems to cover your vision as you go berserk!
You feel yourself moving faster!
You feel mighty!
You hear a shout! x2
The dread throws hellfire at you.
The hellfire explodes!
The blast of hellfire engulfs you!
* * * LOW MAGIC WARNING * * *
You die...

............p..)S%......
............#))o#...%..
.........#...§#.....#
..%.##.....#....%#
...#......#p...##.
...#.C.###....#...
......WD..).#......
.........).).....W..
...####.@.......###
#)......####
........#### ......####
######


You could see an eight-headed meat hydra, a fleshlord, a large bag of meat
(inner flame) and 2 dreads.

Vanquished Creatures
  A great orb of eyes (D)
  A greater mummy (D)
  6 hell beasts (D)
  2 hell knights (D)
  8 hill giants (D)
  5 liches (D)
  25 ogres (D)
  74 orcs (D)
  6 phantoms (D)
  7 skeletal warriors (D)
  8 vampire knights (D)
  3 wraiths (D)
  2 sea snakes (D)
  8 large abominations (D)
  10 small abominations (D)
  14 crawling corpses (D)
180 creatures vanquished.

Vanquished Creatures (others)
  4 crawling corpses (D)
4 creatures vanquished.

Grand Total: 184 creatures vanquished

Notes
Turn   | Place    | Note
--------------------------------------------------------------
     0 | D        | PolkaDot, the Demonspawn Gladiator, began the quest for the Orb.
     0 | D        | Reached XP level 1. HP: 16/16 MP: 1/1
     3 | D        | Noticed a bag of meat
     3 | D        | Noticed a bag of meat
     4 | D        | Became a worshipper of Makhleb the Destroyer
     5 | D        | Noticed a bag of meat
     5 | D        | Noticed a bag of meat
     5 | D        | Noticed a bag of meat
     7 | D        | Noticed a bag of meat
     7 | D        | Killed a bag of meat
     7 | D        | Reached skill level 18 in Fighting
     7 | D        | Gained mutation: You have a pair of small horns on your head. [demonic ancestry]
     7 | D        | Reached XP level 2. HP: 12/49 MP: 2/2
     7 | D        | Reached XP level 3. HP: 13/56 MP: 3/3
     7 | D        | Gained mutation: You are partially covered in rough black scales (AC +4, Dex -1). [demonic ancestry]
     7 | D        | Reached XP level 4. HP: 14/63 MP: 4/4
     7 | D        | Gained mutation: You sometimes gain a little power by taking damage. [demonic ancestry]
     7 | D        | Reached XP level 5. HP: 15/69 MP: 5/5
     7 | D        | Gained mutation: You sometimes gain power by taking damage. [demonic ancestry]
     7 | D        | Reached XP level 6. HP: 16/77 MP: 6/6
     7 | D        | Reached XP level 7. HP: 17/83 MP: 7/7
     7 | D        | Gained mutation: You are mostly covered in rough black scales (AC +7, Dex -2). [demonic ancestry]
     7 | D        | Reached XP level 8. HP: 18/90 MP: 8/8
     7 | D        | Gained mutation: You are completely covered in rough black scales (AC +10, Dex -3). [demonic ancestry]
     7 | D        | Reached XP level 9. HP: 19/97 MP: 9/9
     7 | D        | Reached XP level 10. HP: 20/104 MP: 10/10
     7 | D        | Gained mutation: You have a pair of horns on your head. [demonic ancestry]
     7 | D        | Reached XP level 11. HP: 21/110 MP: 11/11
     8 | D        | Noticed a bag of meat
     8 | D        | Noticed a bag of meat
     8 | D        | Killed a bag of meat
     8 | D        | Acquired Makhleb's first power
     8 | D        | Reached skill level 21 in Fighting
     8 | D        | Reached XP level 12. HP: 17/124 MP: 12/12
     8 | D        | Killed a bag of meat
     8 | D        | Reached skill level 22 in Fighting
     8 | D        | Gained mutation: You have a pair of large horns on your head. [demonic ancestry]
     8 | D        | Reached XP level 13. HP: 17/134 MP: 13/13
     9 | D        | Noticed a bag of meat
     9 | D        | Noticed a meat berserker
     9 | D        | Killed a bag of meat
     9 | D        | Acquired Makhleb's second power
     9 | D        | Reached skill level 24 in Fighting
     9 | D        | Killed a bag of meat
     9 | D        | Reached skill level 25 in Fighting
     9 | D        | Reached XP level 14. HP: 53/148 MP: 14/14
    10 | D        | Noticed a meat berserker
    11 | D        | Killed a bag of meat
    11 | D        | Acquired Makhleb's third power
    11 | D        | Reached skill level 26 in Fighting
    12 | D        | Noticed a meat berserker
    12 | D        | Noticed a bag of meat
    12 | D        | Noticed a bag of meat
    12 | D        | Noticed a large bag of meat
    12 | D        | Noticed a bag of meat
    13 | D        | Noticed a meat berserker
    13 | D        | Killed a meat berserker
    13 | D        | Reached skill level 27 in Fighting
    13 | D        | Reached XP level 15. HP: 57/159 MP: 15/15
    13 | D        | Killed a meat berserker
    13 | D        | Reached skill level 27 in Axes
    13 | D        | Reached skill level 5 in Dodging
    13 | D        | Reached skill level 5 in Unarmed Combat
    14 | D        | Noticed a bag of meat
    14 | D        | Noticed a bag of meat
    14 | D        | Killed a bag of meat
    14 | D        | Acquired Makhleb's fourth power
    14 | D        | Killed a bag of meat
    15 | D        | Noticed a bag of meat
    15 | D        | Killed a meat berserker
    15 | D        | Gained mutation: When hurt, damage is shared between your health and your magic reserves. [demonic ancestry]
    15 | D        | Reached XP level 16. HP: 167/167 MP: 16/16
    16 | D        | Noticed a meat berserker
    16 | D        | Killed a bag of meat
    16 | D        | Acquired Makhleb's fifth power
    16 | D        | Reached skill level 15 in Unarmed Combat
    17 | D        | Noticed a bag of meat
    17 | D        | Noticed a bag of meat
    17 | D        | Noticed a bag of meat
    17 | D        | Noticed a bag of meat
    17 | D        | Noticed a bag of meat
    17 | D        | Noticed a bag of meat
    18 | D        | Noticed a meat berserker
    18 | D        | Noticed a bag of meat
    18 | D        | Noticed a meat berserker
    18 | D        | Killed a meat berserker
    18 | D        | Killed a bag of meat
    18 | D        | Reached skill level 10 in Throwing
    18 | D        | Reached skill level 5 in Armour
    19 | D        | Noticed a bag of meat
    19 | D        | Killed a bag of meat
    19 | D        | Reached XP level 17. HP: 174/174 MP: 17/17
    19 | D        | Killed a bag of meat
    19 | D        | Killed a meat berserker
    20 | D        | Killed a large bag of meat
    20 | D        | Killed a bag of meat
    21 | D        | Noticed a bag of meat
    21 | D        | Killed a meat berserker
    21 | D        | Reached XP level 18. HP: 182/182 MP: 14/18
    21 | D        | Killed a bag of meat
    21 | D        | Killed a bag of meat
    22 | D        | Noticed a bag of meat
    22 | D        | Noticed a meat berserker
    22 | D        | Noticed a large bag of meat
    23 | D        | Noticed a large bag of meat
    23 | D        | Killed a bag of meat
    23 | D        | Reached skill level 15 in Throwing
    23 | D        | Killed a bag of meat
    23 | D        | Reached skill level 27 in Dodging
    24 | D        | Killed a meat berserker
    24 | D        | Reached skill level 27 in Unarmed Combat
    24 | D        | Killed a bag of meat
    24 | D        | Reached XP level 19. HP: 189/189 MP: 14/18
    24 | D        | Killed a bag of meat
    25 | D        | Noticed a bag of meat
    25 | D        | Noticed a bag of meat
    25 | D        | Noticed a destroyer
    25 | D        | Noticed a bag of meat
    25 | D        | Noticed a destroyer
    26 | D        | Noticed a bag of meat
    26 | D        | Noticed a bag of meat
    26 | D        | Noticed a bag of meat
    26 | D        | Killed a bag of meat
    26 | D        | Killed a bag of meat
    26 | D        | Killed a bag of meat
    27 | D        | Noticed a bag of meat
    27 | D        | Killed a meat berserker
    27 | D        | Reached skill level 27 in Throwing
    27 | D        | Killed a large bag of meat
    27 | D        | Gained mutation: You regenerate magic rapidly. [demonic ancestry]
    27 | D        | Reached XP level 20. HP: 197/197 MP: 10/19
    28 | D        | Killed a destroyer
    28 | D        | Killed a bag of meat
    30 | D        | Noticed a bag of meat
    30 | D        | Noticed a bag of meat
    30 | D        | Killed a destroyer
    30 | D        | Killed a bag of meat
    30 | D        | Reached skill level 27 in Armour
    31 | D        | Noticed a bag of meat
    32 | D        | Noticed a sculptor of flesh
    32 | D        | Noticed a sculptor of flesh
    32 | D        | Killed a large bag of meat
    33 | D        | Killed a bag of meat
    33 | D        | Reached skill level 10 in Stealth
    33 | D        | Reached skill level 10 in Spellcasting
    33 | D        | Killed a bag of meat
    33 | D        | Reached skill level 15 in Invocations
    34 | D        | Noticed a large bag of meat
    34 | D        | Killed a bag of meat
    34 | D        | Gained mutation: Your flesh is heat resistant. [demonic ancestry]
    34 | D        | Reached XP level 21. HP: 204/204 MP: 17/39
    35 | D        | Killed a bag of meat
    35 | D        | Killed a bag of meat
    36 | D        | Killed a bag of meat
    37 | D        | Noticed a large bag of meat
    37 | D        | Noticed a sculptor of flesh
    37 | D        | Killed a bag of meat
    37 | D        | Killed a bag of meat
    38 | D        | Killed a bag of meat
    40 | D        | Noticed a sculptor of flesh
    40 | D        | Noticed a bag of meat
    40 | D        | Killed a sculptor of flesh
    40 | D        | Reached skill level 27 in Invocations
    41 | D        | Killed a sculptor of flesh
    41 | D        | Gained mutation: You are powered by pain. [demonic ancestry]
    41 | D        | Reached XP level 22. HP: 212/212 MP: 19/45
    41 | D        | Killed a bag of meat
    42 | D        | Killed a large bag of meat
    43 | D        | Noticed a meat berserker
    43 | D        | Noticed a destroyer
    43 | D        | Killed a sculptor of flesh
    43 | D        | Reached skill level 27 in Stealth
    43 | D        | Killed a bag of meat
    44 | D        | Noticed a meat berserker
    44 | D        | Killed a bag of meat
    44 | D        | Reached skill level 27 in Spellcasting
    45 | D        | Noticed a bag of meat
    45 | D        | Noticed a meat berserker
    45 | D        | Noticed a destroyer
    45 | D        | Killed a large bag of meat
    46 | D        | Noticed a bag of meat
    46 | D        | Noticed a bag of meat
    46 | D        | Noticed a tyrant
    46 | D        | Killed a sculptor of flesh
    46 | D        | Killed a destroyer
    47 | D        | Noticed a bag of meat
    47 | D        | Noticed a destroyer
    47 | D        | Noticed a sculptor of flesh
    47 | D        | Noticed a bag of meat
    47 | D        | Noticed a tyrant
    48 | D        | Noticed a bag of meat
    48 | D        | Noticed a bag of meat
    48 | D        | Noticed a sculptor of flesh
    48 | D        | Killed a meat berserker
    48 | D        | Gained mutation: You are immune to clouds of flame. [demonic ancestry]
    48 | D        | Reached XP level 23. HP: 219/219 MP: 19/48
    49 | D        | Noticed a bag of meat
    49 | D        | Noticed a bag of meat
    49 | D        | Noticed a meat berserker
    49 | D        | Killed a meat berserker
    49 | D        | Killed a meat berserker
    52 | D        | Killed a meat berserker
    53 | D        | Killed a bag of meat
    53 | D        | Killed a bag of meat
    53 | D        | Killed a bag of meat
    54 | D        | Noticed a tyrant
    54 | D        | Killed a bag of meat
    54 | D        | Killed a bag of meat
    55 | D        | Killed a tyrant
    55 | D        | Killed a bag of meat
    55 | D        | Gained mutation: When low on magic, you restore magic in place of health. [demonic ancestry]
    55 | D        | Reached XP level 24. HP: 227/227 MP: 17/48
    56 | D        | Noticed a tyrant
    56 | D        | Noticed a large bag of meat
    56 | D        | Killed a bag of meat
    56 | D        | Killed a destroyer
    56 | D        | Killed a bag of meat
    57 | D        | Noticed a meat berserker
    57 | D        | Killed a destroyer
    58 | D        | Killed a sculptor of flesh
    58 | D        | Killed a sculptor of flesh
    59 | D        | Noticed a meat berserker
    59 | D        | Killed a meat berserker
    59 | D        | Killed a tyrant
    59 | D        | Killed a tyrant
    60 | D        | Noticed a destroyer
    60 | D        | Noticed a bag of meat
    60 | D        | Killed a bag of meat
    60 | D        | Reached XP level 25. HP: 234/234 MP: 19/49
    63 | D        | Noticed a dread
    63 | D        | Noticed a bag of meat
    63 | D        | Noticed a meat beast
    63 | D        | Killed a destroyer
    64 | D        | Noticed a bag of meat
    64 | D        | Killed a tyrant
    64 | D        | Killed a large bag of meat
    65 | D        | Killed a meat berserker
    67 | D        | Noticed a meat berserker
    67 | D        | Noticed a meat berserker
    67 | D        | Noticed a dread
    67 | D        | Noticed a destroyer
    68 | D        | Noticed a bag of meat
    68 | D        | Killed a meat beast
    69 | D        | Noticed a bag of meat
    69 | D        | Killed a dread
    70 | D        | Noticed a bag of meat
    70 | D        | Killed a bag of meat
    70 | D        | Killed a destroyer
    71 | D        | Noticed a bag of meat
    71 | D        | Killed a meat berserker
    71 | D        | Killed a bag of meat
    71 | D        | Killed a meat berserker
    72 | D        | Noticed a bag of meat
    72 | D        | Noticed a meat berserker
    72 | D        | Noticed a meat beast
    72 | D        | Killed a dread
    73 | D        | Noticed a bag of meat
    73 | D        | Killed a bag of meat
    73 | D        | Reached XP level 26. HP: 242/242 MP: 39/49
    74 | D        | Killed a meat beast
    74 | D        | Killed a bag of meat
    75 | D        | Noticed a meat beast
    75 | D        | Noticed a dread
    75 | D        | Noticed a destroyer
    76 | D        | Noticed a meat berserker
    76 | D        | Noticed a bag of meat
    77 | D        | Killed a bag of meat
    77 | D        | Killed a meat berserker
    77 | D        | Killed a bag of meat
    77 | D        | Noticed a bag of meat
    78 | D        | Noticed a tyrant
    78 | D        | Noticed a bag of meat
    78 | D        | Killed a bag of meat
    79 | D        | Noticed a large bag of meat
    79 | D        | Noticed a bag of meat
    79 | D        | Noticed a bag of meat
    79 | D        | Killed a meat beast
    80 | D        | Noticed a bag of meat
    80 | D        | Killed a meat berserker
    80 | D        | Killed a destroyer
    81 | D        | Noticed a meat berserker
    81 | D        | Killed a bag of meat
    81 | D        | Killed a bag of meat
    82 | D        | Noticed a meat berserker
    82 | D        | Killed a dread
    83 | D        | Noticed a large bag of meat
    83 | D        | Noticed a bag of meat
    83 | D        | Noticed a meat berserker
    83 | D        | Noticed a bag of meat
    84 | D        | Noticed a bag of meat
    84 | D        | Noticed a bag of meat
    84 | D        | Killed a bag of meat
    84 | D        | Gained mutation: You can hurl blasts of hellfire. [demonic ancestry]
    84 | D        | Reached XP level 27. HP: 249/249 MP: 39/49
    84 | D        | Killed a bag of meat
    86 | D        | Noticed a meat beast
    86 | D        | Killed a meat berserker
    86 | D        | Killed a large bag of meat
    86 | D        | Killed a bag of meat
    87 | D        | Noticed a sculptor of flesh
    87 | D        | Killed a bag of meat
    87 | D        | Killed a meat berserker
    88 | D        | Noticed a meat beast
    88 | D        | Noticed a bag of meat
    88 | D        | Killed a meat beast
    89 | D        | Killed a meat berserker
    89 | D        | Killed a tyrant
    89 | D        | Killed a bag of meat
    90 | D        | Noticed a meat beast
    90 | D        | Noticed a meat berserker
    90 | D        | Killed a wretched soul
    90 | D        | Killed a bag of meat
    91 | D        | Noticed a bag of meat
    91 | D        | Killed a bag of meat
    91 | D        | Killed a bag of meat
    92 | D        | Noticed a bag of meat
    92 | D        | Killed a meat beast
    92 | D        | Killed a meat beast
    93 | D        | Noticed a meat berserker
    93 | D        | Killed a bag of meat
    93 | D        | Killed a wretched soul
    94 | D        | Killed a bag of meat
    95 | D        | Killed a bag of meat
    96 | D        | Noticed a bag of meat
    96 | D        | Killed a wretched soul
    96 | D        | Killed a wretched soul
    97 | D        | Killed a meat berserker
    98 | D        | Noticed a bag of meat
    98 | D        | Noticed a bag of meat
    98 | D        | Noticed a bag of meat
    98 | D        | Killed a bag of meat
    99 | D        | Noticed a bag of meat
    99 | D        | Noticed an accursed
    99 | D        | Killed a bag of meat
   100 | D        | Noticed a meat berserker
   100 | D        | Killed a meat berserker
   100 | D        | Killed an observer
   101 | D        | Killed a sculptor of flesh
   103 | D        | Killed a bag of meat
   103 | D        | Killed a large bag of meat
   104 | D        | Noticed a bag of meat
   104 | D        | Killed a bag of meat
   106 | D        | Killed a meat berserker
   106 | D        | Killed a bag of meat
   106 | D        | Killed a bag of meat
   108 | D        | Killed a bag of meat
   109 | D        | Noticed a bag of meat
   109 | D        | Killed a bag of meat
   110 | D        | Killed a wretched soul
   117 | D        | Noticed a meat berserker
   119 | D        | Killed a meat berserker
   119 | D        | Killed a wretched soul
   121 | D        | Noticed a fleshlord
   122 | D        | Killed a bag of meat
   124 | D        | Noticed a fleshlord
   124 | D        | Killed an accursed
   125 | D        | Noticed a dread
   126 | D        | Killed a fleshlord
   128 | D        | Noticed a large bag of meat
   129 | D        | Killed a fleshlord
   130 | D        | Noticed a fleshlord
   133 | D        | Noticed a dread
   134 | D        | Killed from afar by a dread

Action                   |  1- 3 |  4- 6 |  7- 9 | 10-12 | 13-15 | 16-18 | 19-21 | 22-24 | 25-27 || total
-------------------------+-------+-------+-------+-------+-------+-------+-------+-------+-------++-------
Melee: Executioner's axe |     1 |       |       |     1 |     5 |     7 |    13 |    17 |    47 ||    91
  Use: Potion            |       |       |       |       |       |       |       |       |     3 ||     3
